 Dungeon Crawl Stone Soup version 0.31-a0-185-g9dded2c639 (webtiles) character file.

Game seed: 5317021022847191593

43 qw the Shooter (level 3, -7/20 HPs)
             Began as a Deep Elf Hunter on June 22, 2023.
             Mangled by Terence
             ... wielding a +0 flail
              (10 damage)
             ... on level 2 of the Dungeon.
             The game lasted 00:00:30 (1161 turns).

qw the Shooter (Deep Elf Hunter)                    Turns: 1161, Time: 00:00:31

Health: -7/20      AC:  3    Str: 10    XL:     3   Next: 37%
Magic:  5/5        EV: 12    Int: 13    God:
Gold:   98         SH:  0    Dex: 18    Spells: 2/2 levels left

rFire   . . .        Y - +0 shortbow
rCold   . . .        (shield currently unavailable)
rNeg    . . .        c - +0 leather armour
rPois   .            (no helmet)
rElec   .            (no cloak)
rCorr   .            (no gloves)
SInv    .            (no boots)
Will    .....        (no amulet)
Stlth   ++           (no ring)
HPRegen 0.23/turn    (no ring)
MPRegen 0.09/turn

%: no passive effects
@: no status effects
A: no striking features
a: no special abilities


You were on level 2 of the Dungeon.
You visited 1 branch of the dungeon, and saw 2 of its levels.

You collected 98 gold pieces.


   Skills:
 - Level 1.5 Fighting
 + Level 6.9 Ranged Weapons
 - Level 2.4 Dodging
 - Level 1.2 Stealth


You had 2 spell levels left.
You didn't know any spells.
Your spell library was empty.

Inventory:

Hand Weapons
 Y - a +0 shortbow (weapon)
Armour
 c - a +0 leather armour (worn)
Scrolls
 g - a scroll of identify {unknown}
Potions
 a - a potion of attraction {unknown}
 b - a potion of degeneration {unknown}
 d - a potion of brilliance {unknown}
 e - a potion of curing
 f - a potion of mutation {unknown}
 h - a potion of lignification {unknown}

Dungeon Overview and Level Annotations

Branches:
Dungeon (2/15)

Altars:

Annotations:
D:2 Terence


Message History

Terence is moderately wounded.
Terence hits you with a +0 flail.
You shoot an arrow. The arrow hits Terence.
Terence is moderately wounded.
Terence barely misses you.
You shoot an arrow. The arrow hits Terence.
Terence is heavily wounded.
Terence barely misses you.
You shoot an arrow.
The arrow hits Terence but does no damage.
Terence is heavily wounded.
Terence hits you with a +0 flail. Terence closely misses you.
You shoot an arrow. The arrow hits Terence.
Terence is severely wounded.
Terence misses you.
You shoot an arrow.
The arrow hits Terence but does no damage.
Terence is severely wounded.
Terence closely misses you.
You shoot an arrow. The arrow closely misses Terence.
Terence says, "Rest in peace."
Terence hits you with a +0 flail.
You shoot an arrow. The arrow hits Terence.
Terence is almost dead.
Terence barely misses you.
You shoot an arrow.
The arrow hits Terence but does no damage.
Terence is almost dead.
Terence barely misses you.
You shoot an arrow. The arrow barely misses Terence.
Terence hits you with a +0 flail.
You shoot an arrow.
The arrow hits Terence but does no damage.
Terence is almost dead.
Terence hits you with a +0 flail.
You shoot an arrow. The arrow hits Terence.
Terence is almost dead.
Terence misses you. Terence hits you with a +0 flail!
Ouch! That really hurt!
You die...

#.# #.##........##'## #.
#.######.##..#.#.......# #.#
#.#......##.)..#.......# #.#
#.#..^.........#.......# #.#
#.#............#.......#####..
#.#......##.##.######.........
#.#......##.##.# #..####...
#.##........##.######..####...
#.##.###.#...@....?...........
#.##.# #.#####@#######.####.##
#.##.# #.# ... #... #.##.# #.#
.### #.## ####.##.# #.# .# #.#
#.......###.# .# #.##
####........# .# #...
########## .# #### #


You could see Terence.

Vanquished Creatures
  A worm (D:2)
  9 endoplasms
  3 goblins
  3 hobgoblins (D:1)
  2 jackals (D:1)
  A kobold (D:2)
  3 quokkas (D:1)
  5 bats
  6 frilled lizards
  3 rats
36 creatures vanquished.

Notes
Turn   | Place    | Note
-------+----------+-------------------------------------------
     0 | D:1      | qw the Deep Elf Hunter began the quest for the Orb.
     0 | D:1      | Reached XP level 1. HP: 12/12 MP: 3/3
     0 | D:1      | 0 ||| qw: Version: 0.3-a-9-g12657ce
     0 | D:1      | 0 ||| qw: Game counter: 1861
     0 | D:1      | 0 ||| qw: Always use a shield: true
     0 | D:1      | 0 ||| qw: God list: Okawaru
     0 | D:1      | 0 ||| qw: Allow faded altars: false
     0 | D:1      | 0 ||| qw: Do Orc after D:15 true
     0 | D:1      | 0 ||| qw: Do second Lair branch before Depths: true
     0 | D:1      | 0 ||| qw: Lair rune preference: random
     0 | D:1      | 0 ||| qw: Plans: Normal
     0 | D:1      | 0 ||| PLANNING D:1-11
   123 | D:1      | Reached XP level 2. HP: 9/16 MP: 4/4
   124 | D:1      | Reached skill level 6 in Ranged Weapons
   294 | D:1      | 294 ||| FLEEEEING.
   295 | D:1      | 295 ||| FLEEEEING.
   717 | D:1      | 717 ||| READING scroll labelled NAHORGH BITT.
   718 | D:1      | 718 ||| READING scroll labelled FOIZIA COTECS.
   719 | D:1      | 719 ||| DROPPING scroll of butterflies.
   734 | D:2      | 734 ||| STAIRDANCE
   738 | D:1      | Reached XP level 3. HP: 12/20 MP: 5/5
   827 | D:2      | Identified the +8 chain mail of Ulaaphoex {Int+3 SInv}
  1139 | D:2      | Noticed Terence
  1160 | D:2      | HP: 3/20 [Terence/+0 flail (6)]
  1161 | D:2      | Mangled by Terence

Levels and vault maps discovered:
D:1:      ebering_trefoil_twist, layout_loops_ring
D:2:      layout_basic, basic_ecumenical_altar, uniq_terence

Skill      XL: |  1  2 |
---------------+-------+-----
Ranged Weapons | 6 |  6.9
Fighting       | |  1.5
Dodging        | |  2.4
Stealth        | |  1.2

Action                     || total
---------------------------++-------
   Fire: Shortbow          ||   123
    Use: Scroll            ||     2
 Armour: Leather armour    ||     6
  Dodge: Dodged            ||    34

Table legend:
 A = Non-vault XP
 B = Vault XP
 C = Vault XP percentage of total XP
 D = Non-vault monster count
 E = Vault monster count
 F = Vault count percentage of total count
                 A         B        C        D         E       F
            +---------+---------+-------+---------+---------+-------
      Total |      62 |       0 |   0.0 |      36 |       0 |   0.0
            +---------+---------+-------+---------+---------+-------
        D:1 |      42 |       0 |   0.0 |      24 |       0 |   0.0
        D:2 |      20 |       0 |   0.0 |      12 |       0 |   0.0
            +---------+---------+-------+---------+---------+-------
